 Dungeon Crawl Stone Soup version 0.29-a0-555-g3b24f45cc1 (console) character file.

Game seed: 6821051626147053820

23214 om the Thaumaturge (level 13, -4/85 HPs)
             Began as a Djinni Conjurer on June 7, 2022.
             Was a Priest of Makhleb.
             Killed by divine providence
             ... invoked by an orc priest
              (12 damage)
             ... on level 13 of the Dungeon.
             The game lasted 00:49:09 (21653 turns).

om the Thaumaturge (Djinni Conjurer)               Turns: 21653, Time: 00:49:09

Health: -4/85      AC: 10    Str:  8    XL:     13   Next: 33%
Gold:   425        EV: 14    Int: 22    God:    Makhleb [***...] SH:  7 Dex: 13

rFire   + + .      SeeInvis .   d - +4 falchion (freeze)
rCold   + + .      Faith    .   e - +1 buckler {rN+}
rNeg    + . .      Spirit   .   C - +1 leather armour "Afuac" {Contam rC++ Will+}
rPois   ∞          Reflect  .   c - +0 helmet
rElec   .          Harm     .   I - +0 cloak
rCorr   .          Rampage  .   k - +1 pair of gloves
Will    +++..                   (boots unavailable)
Stlth   ++........              y - amulet of the acrobat
HPRegen 0.24/turn               E - ring of protection from cold
MPRegen 0.00/turn               G - ring of willpower

@: flying
A: sickness immunity, fire resistance 2, cold vulnerability 1, float, innate
caster, HP casting, extra vitality 1
a: Renounce Religion, Minor Destruction, Lesser Servant of Makhleb


You were on level 13 of the Dungeon.
You worshipped Makhleb.
Makhleb was most pleased with you.
You visited 3 branches of the dungeon, and saw 15 of its levels.

You collected 984 gold pieces.
You spent 559 gold pieces at shops.

Inventory:

Hand Weapons
 d - a +4 falchion of freezing (weapon)
 p - a +1 dagger of venom
 B - a +1 dagger of protection
Armour
 c - a +0 helmet (worn)
 e - a +1 buckler of positive energy (worn)
 k - a +1 pair of gloves (worn)
 C - the +1 leather armour "Afuac" (worn) {Contam rC++ Will+}
   (You bought it in a shop on level 1 of the Dungeon)

   rC:        It greatly protects you from cold.
   Contam:    It causes magical contamination when unequipped.
   Will:      It increases your willpower.
 I - a +0 cloak (worn)
Jewellery
 y - an amulet of the acrobat (around neck)
 z - a ring of ice
 E - a ring of protection from cold (left hand)
 G - a ring of willpower (right hand)
Wands
 m - a wand of mindburst (11)
 s - a wand of polymorph (14)
 t - a wand of acid (10)
 w - a wand of iceblast (20)
 x - a wand of flame (3)
Scrolls
 a - a scroll of enchant weapon
 b - 2 scrolls of enchant armour
 g - 3 scrolls of identify
 h - 2 scrolls of amnesia
 u - a scroll of silence
 D - 2 scrolls of fog
 F - 3 scrolls of teleportation
 J - a scroll of magic mapping
Potions
 f - 7 potions of attraction
 i - 2 potions of lignification
 j - a potion of haste
 l - 2 potions of cancellation
 n - 2 potions of magic
 o - 2 potions of berserk rage
 q - 4 potions of brilliance
 v - 2 potions of ambrosia {unknown}
 A - a potion of flight {unknown}
 H - 2 potions of curing


   Skills:
 - Level 5.0 Fighting
 - Level 3.6(4.7) Short Blades
 * Level 4.7(5.3) Long Blades
 - Level 8.0 Armour
 - Level 8.0 Dodging
 - Level 3.0 Stealth
 * Level 7.3 Shields
 * Level 10.7 Spellcasting
 - Level 5.0 Invocations
 - Level 5.0 Evocations


You couldn't memorise any spells.
You knew the following spells:

 Your Spells              Type           Power      Damage    Failure   Level
a - Magic Dart            Conj           100%       1d8       1%          1
b - Searing Ray           Conj           100%       2d8       1%          2
c - Dazzling Flash        Conj/Hex       100%       N/A       1%          3
d - Fulminant Prism       Conj/Hex       28%        3d14      1%          4
e - Iskenderun's Mystic   Conj/Tloc      56%        2d12      1%          4
f - Apportation           Tloc           100%       N/A       1%          1
g - Poisonous Vapours     Pois/Air       100%       N/A       1%          2
h - Conjure Flame         Conj/Fire      56%        6-21      1%          3
i - Passage of Golubria   Tloc           56%        N/A       1%          4
j - Petrify               Tmut/Erth      56%        N/A       1%          4
k - Agony                 Necr           56%        N/A       3%          5
Your spell library was empty.

Dungeon Overview and Level Annotations

Branches:
Dungeon (13/15)            Temple (1/1) D:7            Lair (1/6) D:8
    Orc (0/2) D:9
 Vaults: D:13-14

Altars:
Ashenzari
Cheibriados
Dithmenos
Elyvilon
Fedhas
Gozag
Hepliaklqana
Kikubaaqudgha
Makhleb
Nemelex Xobeh
Okawaru
Qazlal
Ru
Sif Muna
Trog
Uskayaw
Vehumet
Wu Jian
Xom
Yredelemnul
Zin
The Shining One

Shops:
D:1 [   D:9 *   D:12 *


Innate Abilities, Weirdness & Mutations

You are immune to sickness and miasma.
You are immune to poison.
Your flesh is very heat resistant. (rF++)
You are vulnerable to cold. (rC-)
You float through the air rather than walking.
You learn spells naturally, not from books.
Your magical power is your life essence.
You have superior vitality. (+4 MHP)


Message History

* * * LOW HITPOINT WARNING * * *
You kill the boulder beetle!
Makhleb accepts your kill.
There is a stone staircase leading up here.
You fly upwards.
There is a stone staircase leading down here.
You fly downwards.
The slime creature hits you.
* * * LOW HITPOINT WARNING * * *
There is a stone staircase leading up here.
A slime creature is nearby!
Casting: Iskenderun's Mystic Blast (mildly dangerous; 1% risk of failure)
Confirm with . or Enter, or press ? or * to list all spells.
You miscast Iskenderun's Mystic Blast.
You are very lightly contaminated with residual magic.
Nothing appears to happen.
* * * LOW HITPOINT WARNING * * *
You block the slime creature's attack.
Okay, then.
The slime creature attacks as you move away!
The slime creature hits you but does no damage.
Aiming: Polymorph
Press: ? - help, Shift-Dir - straight line, f - slime creature
Aim: a slime creature (will become a water nymph, a manticore, or a merfolk, chance to affect: 44%)
Okay, then.
Unknown command.
Blink to where?
Press: ? - help, Dir - move target
As you read the scroll of blinking, it crumbles to dust.
Your magical contamination has completely faded away.
An orc priest comes into view. It is wielding a +0 falchion.
The orc priest moves out of view.
Okay, then.
An orc priest comes into view. It is wielding a +0 short sword.
The orc priest shouts!
The slime creature quivers.
The orc priest looks braver for a moment.
There is a stone staircase leading up here.
The orc priest invokes the aid of Beogh against you.
Beogh smites you!
You die...

.........#.......##...#...#
.......###.......#..###.>#
.......#..............#..#
..................J......#
......J................###
#........####..........#
#.......J#.##..........#
.......>....#.........###
...............o........#
.........o.....#..##...###
..............##@.###....#
##......#........###.....#
##.....##.....[.....?..##
###.....#......JJ........#
...................o.....#####
.##.....................###..##
.....##.................#.....#
.....####........J...........##
..#..# .#....................#
..#..##.....#...............##
............#............#######


You could see 4 slime creatures and 2 orc priests.

Vanquished Creatures
  Rupert (D:13)
  Nessos (D:13)
  2 hydras (D:13)
  4 boulder beetles
  A two-headed ogre (D:9)
  2 ugly things (D:12)
  A manticore (D:11)
  A cyclops (D:13)
  Maurice (D:13)
  A komodo dragon (D:11)
  5 trolls
  A hornet (D:9)
  4 slime creatures
  2 shadows
  A vampire (D:11)
  5 wraiths
  43 yaks
  A steam dragon (D:8)
  5 vampire mosquitoes
  Menkaure (D:7)
  A water moccasin (D:7)
  An acid dragon (D:12)
  5 orc warriors
  A sky beast (D:7)
  An ice beast (D:5)
  2 ogres (D:6)
  4 centaurs
  A phantom (D:5)
  2 kobold brigands
  A necrophage (D:7)
  2 gnoll sergeants (D:8)
  6 bullfrogs
  2 scorpions (D:8)
  11 wights
  12 killer bees
  2 jellies
  3 hounds
  2 gnoll shamans
  6 orc priests
  Jessica (D:2)
  2 iguanas
  7 orc wizards
  10 adders
  18 gnolls
  A shadow imp (D:6)
  3 white imps
  2 worms (D:2)
  2 dart slugs (D:3)
  31 orcs
  5 bats
  4 endoplasms
  2 giant cockroaches
  2 goblins
  4 hobgoblins
  7 jackals
  2 quokkas
  6 ball pythons
  7 frilled lizards
  9 kobolds
  7 rats
280 creatures vanquished.

Vanquished Creatures (others)
  87 fulminant prisms
  19 fungi
  12 plants
118 creatures vanquished.

Grand Total: 398 creatures vanquished

Notes
Turn   | Place    | Note
-------+----------+-------------------------------------------
     0 | D:1      | om the Djinni Conjurer began the quest for the Orb.
     0 | D:1      | Reached XP level 1. HP: 15/15 MP: 0/0
   345 | D:1      | Found Guane's Armour Emporium.
   388 | D:1      | Found a faded altar of an unknown god.
   652 | D:1      | Reached XP level 2. HP: 20/21 MP: 0/0
  1553 | D:2      | Reached XP level 3. HP: 19/25 MP: 0/0
  1553 | D:2      | Learned a level 1 spell: Apportation
  2563 | D:2      | Noticed Jessica
  2567 | D:2      | Killed Jessica
  2568 | D:2      | Reached XP level 4. HP: 27/31 MP: 0/0
  3125 | D:3      | Reached skill level 4 in Spellcasting
  3127 | D:3      | Reached XP level 5. HP: 27/35 MP: 0/0
  3127 | D:3      | Learned a level 2 spell: Poisonous Vapours
  4764 | D:5      | Entered Level 5 of the Dungeon
  4780 | D:5      | Noticed a phantom
  4835 | D:5      | Reached XP level 6. HP: 23/40 MP: 0/0
  5592 | D:5      | Found a broken altar of Ashenzari.
  5702 | D:5      | Reached skill level 5 in Spellcasting
  5891 | D:5      | Reached XP level 7. HP: 42/45 MP: 0/0
  5891 | D:5      | Learned a level 3 spell: Conjure Flame
  6106 | D:5      | Identified the +1 chain mail "Familor" {Harm}
  6933 | D:6      | Reached skill level 5 in Dodging
  6992 | D:6      | Found a sparkling altar of Nemelex Xobeh.
  7014 | D:6      | Reached skill level 6 in Spellcasting
  7014 | D:6      | Reached XP level 8. HP: 32/50 MP: 0/0
  7172 | D:6      | Found a glowing silver altar of Zin.
  7198 | D:6      | Reached skill level 1 in Armour
  7333 | D:6      | Noticed a wraith
  7507 | D:6      | Killed a wraith
  8096 | D:7      | Noticed Menkaure
  8107 | D:7      | Killed Menkaure
  8108 | D:7      | Reached skill level 7 in Spellcasting
  8126 | D:7      | Reached XP level 9. HP: 30/55 MP: 0/0
  8126 | D:7      | Learned a level 4 spell: Passage of Golubria
  8215 | D:7      | HP: 1/55 [orc warrior/+0 trident (12)]
  9314 | D:1      | Bought the +1 leather armour "Afuac" {Contam rC++ Will+}
                  | for 409 gold pieces
  9660 | D:7      | Found a staircase to the Ecumenical Temple.
  9668 | Temple   | Entered the Ecumenical Temple
  9839 | Temple   | Became a worshipper of Makhleb the Destroyer
 10217 | D:8      | Reached skill level 1 in Fighting
 10217 | D:8      | Reached skill level 1 in Short Blades
 10344 | D:8      | Reached skill level 1 in Invocations
 10344 | D:8      | Reached skill level 1 in Evocations
 10416 | D:8      | Reached skill level 8 in Spellcasting
 10841 | D:8      | Reached * piety under Makhleb
 11096 | D:8      | Reached skill level 5 in Armour
 11268 | D:8      | Reached XP level 10. HP: 59/65 MP: 0/0
 11628 | D:8      | Identified a scroll of acquirement
 11700 | D:8      | Acquired a +1 buckler of positive energy
 11744 | D:8      | Found a staircase to the Lair.
 12229 | D:8      | Reached skill level 1 in Shields
 13422 | Lair:1   | Entered Level 1 of the Lair of Beasts
 13424 | Lair:1   | Noticed a black mamba
 13425 | Lair:1   | Noticed a cane toad
 13529 | D:9      | Noticed a two-headed ogre
 13545 | D:9      | Killed a two-headed ogre
 13725 | D:9      | Reached XP level 11. HP: 35/72 MP: 0/0
 13725 | D:9      | Learned a level 4 spell: Petrify
 14290 | D:9      | Found a staircase to the Orcish Mines.
 14327 | D:9      | Found Busuhikle's Assorted Antiques.
 14333 | D:9      | Bought a scroll of identify for 46 gold pieces
 14571 | D:9      | Reached skill level 9 in Spellcasting
 14874 | D:10     | Entered Level 10 of the Dungeon
 14881 | D:10     | Noticed a boulder beetle
 15143 | D:10     | Reached ** piety under Makhleb
 15474 | D:10     | Killed a boulder beetle
 15475 | D:10     | Reached skill level 5 in Invocations
 15661 | D:10     | Reached skill level 5 in Evocations
 16070 | D:10     | Reached XP level 12. HP: 78/78 MP: 0/0
 16092 | D:10     | Reached *** piety under Makhleb
 16138 | D:10     | Found a bloodstained altar of Trog.
 16305 | D:11     | Reached skill level 5 in Shields
 16717 | D:11     | Noticed a boulder beetle
 16738 | D:11     | Killed a boulder beetle
 16739 | D:11     | Reached skill level 1 in Long Blades
 16739 | D:11     | Reached skill level 10 in Spellcasting
 18039 | D:12     | Found Syer's Assorted Antiques.
 18056 | D:12     | Bought 2 scrolls of identify for 104 gold pieces
 18603 | D:13     | Noticed Rupert
 18622 | D:13     | Noticed a six-headed hydra
 18624 | D:13     | Killed Rupert
 18807 | D:13     | Noticed a seven-headed hydra
 18829 | D:13     | Killed a ten-headed hydra
 18830 | D:13     | Reached XP level 13. HP: 46/85 MP: 0/0
 18830 | D:13     | Learned a level 5 spell: Agony
 18831 | D:13     | Noticed a boulder beetle
 19367 | D:13     | Noticed Nessos
 20254 | D:13     | Killed a boulder beetle
 20511 | D:13     | Killed a six-headed hydra
 20512 | D:13     | Reached skill level 5 in Fighting
 20871 | D:13     | Killed Nessos
 21138 | D:13     | Noticed Maurice
 21178 | D:13     | Killed Maurice
 21602 | D:13     | Noticed a boulder beetle
 21614 | D:13     | Killed a boulder beetle
 21653 | D:13     | Killed from afar by an orc priest

Illustrated notes

Levels and vault maps discovered:
D:1:      amcnicky_arrival_wind_blow, layout_loops_corners, serial_shops, shop,
          ebering_ecumenical_altar_abandoned, grunt_decor_resistance
D:2:      layout_loops_ring, uniq_jessica
D:3:      layout_loops_ring
D:4:      layout_basic, dreamdust_mushroom_princess
D:5:      layout_loops_ring, ashenzari_altar_1
D:6:      layout_rooms, zin_academy, kennysheep_little_box, serial_bayou_pond_b
D:7:      layout_basic, minmay_temple_entry_sparse_star, minmay_starry_boxes,
          uniq_menkaure
D:8:      layout_cave_pods, grunt_lair_entry_orc_guard_hut, lightli_minifort
D:9:      layout_basic, orc_0_dummy, serial_shops, shop,
          kennysheep_generic_room_2
D:10:     layout_basic, mainiacjoe_overflow_24_doors
D:11:     layout_irregular_city, chequers_serial_rivers_small_a
D:12:     layout_basic, serial_shops, nicolae_shop_hallway_plus
D:13:     layout_cave_pools, minmay_orc_keep, uniq_nessos, uniq_maurice,
          uniq_rupert
Temple:   hc_temple_tempest_star
Lair:1:   layout_hall_layers, serial_bayou_shore_a, grunt_megastairs_5

Skill      XL: |  1  2  3  4  5  6  7  8  9 10 11 12 13 |
---------------+----------------------------------------+-----
Stealth        | 2 3 |  3.0
Dodging        | 3 4 5 7 8 |  8.0
Spellcasting   | 4 5 6 7 8 9 10 | 10.7
Armour         | 3 5 6 7 8 |  8.0
Fighting       | 2 3 4 5 |  5.0
Short Blades   | 2 3 |  3.6
Invocations    | 2 3 5 |  5.0
Evocations     | 2 3 5 |  5.0
Shields        | 2 4 6 7 |  7.3
Long Blades    | 3 4 |  4.7

Action                   |  1- 3 |  4- 6 |  7- 9 | 10-12 | 13-15 || total
-------------------------+-------+-------+-------+-------+-------++-------
Melee: Trident           |     2 |    18 |     7 |       |       ||    27
       Dagger            |       |       |    17 |     7 |       ||    24
       Falchion          |       |       |       |    26 |    14 ||    40
 Cast: Magic Dart        |    57 |    82 |   121 |    98 |    19 ||   377
       Searing Ray       |     1 |    15 |    31 |    18 |       ||    65
       Fulminant Prism   |       |       |    17 |    64 |     6 ||    87
       Poisonous Vapours |       |       |     6 |    29 |    16 ||    51
       Conjure Flame     |       |       |     2 |     7 |       ||     9
       Iskenderun's Myst |       |       |     3 |   108 |    47 ||   158
       Dazzling Flash    |       |       |     2 |     4 |     5 ||    11
       Passage of Golubr |       |       |     1 |     2 |       ||     3
       Apportation       |       |       |       |     1 |       ||     1
       Petrify           |       |       |       |     5 |     1 ||     6
       Agony             |       |       |       |       |     2 ||     2
Evoke: Wand              |       |       |       |       |     2 ||     2
  Use: Scroll            |       |    11 |     4 |    11 |     1 ||    27
       Potion            |       |       |       |     4 |     2 ||     6
 Stab: Petrified         |       |       |       |    19 |     8 ||    27
       Invisible         |       |       |       |       |     1 ||     1
Armor: Robe              |     1 |    14 |    11 |       |       ||    26
       Leather armour    |       |       |     6 |    14 |     8 ||    28
Dodge: Dodged            |     3 |    23 |    66 |    62 |    29 ||   183
Block: Buckler           |       |       |       |    14 |    14 ||    28

Table legend: (Time is in decaauts)
 A = Elapsed time spent in this place.
 B = Non-inter-level travel time spent in this place.
 C = Inter-level travel time spent in this place.
 D = Time resting spent in this place.
 E = Time spent auto-exploring this place.
 F = Levels seen in this place.
 G = Mean time per level.
                   A        B        C        D        E       F      G
               +--------+--------+--------+--------+--------+-----+--------+
         Total |  21681 |  20533 |   1148 |   8939 |   9287 |  15 | 1445.4 |
       Dungeon |  21392 |  20294 |   1098 |   8939 |   9071 |  13 | 1645.5 |
        Temple |    282 |    233 |     49 |      0 |    216 |   1 |  282.0 |
          Lair |      5 |      5 |      0 |      0 |      0 |   1 |    5.0 |
               +--------+--------+--------+--------+--------+-----+--------+

Top non-repeatable levels by time:
    D:12: 3422 daAuts
     D:8: 3327 daAuts
     D:5: 1879 daAuts
     D:9: 1818 daAuts
     D:6: 1712 daAuts
     D:1: 1560 daAuts
     D:2: 1482 daAuts
     D:7: 1360 daAuts
    D:11: 1192 daAuts
     D:3: 1139 daAuts
    D:10: 963 daAuts
     D:4: 774 daAuts
    D:13: 758 daAuts
  Temple: 282 daAuts
  Lair:1: 5 daAuts
